 Dungeon Crawl Stone Soup version 0.27.1 (webtiles) character file.

Game seed: 10838146411419190171

426 r3algoood the Conjurer (level 6, -7/32 HPs)
             Began as a Deep Elf Conjurer on Aug 31, 2021.
             Mangled by Crazy Yiuf (13 damage)
             ... on level 4 of the Dungeon.
             The game lasted 00:13:49 (5457 turns).

r3algoood the Conjurer (Deep Elf Conjurer)          Turns: 5457, Time: 00:13:50

Health: -7/32      AC:  3    Str:  4    XL:     6   Next: 64%
Magic:  14/17      EV: 12    Int: 25    God:
Gold:   183        SH:  0    Dex: 13    Spells: 7/17 levels left

rFire    . . .     SeeInvis .   c - +1 dagger (holy)
rCold    . . .     Faith    .   (no shield)
rNeg     . . .     Spirit   .   a - +0 robe
rPois    +         Reflect  .   (no helmet)
rElec    .         Harm     .   (no cloak)
rCorr    .         Rampage  .   (no gloves)
Will     .....                  l - +0 pair of boots
Stlth    ++........             (no amulet)
HPRegen  0.10/turn              p - ring of poison resistance
MPRegen  0.15/turn              (no ring)

@: no status effects
A: no striking features
a: no special abilities


You were on level 4 of the Dungeon.
You visited 1 branch of the dungeon, and saw 4 of its levels.

You collected 183 gold pieces.

Inventory:

Hand Weapons
 c - a +1 dagger of holy wrath (weapon)
Armour
 a - a +0 robe (worn)
 l - a +0 pair of boots (worn)
Jewellery
 p - a ring of poison resistance (left hand)
Wands
 h - a wand of polymorph (10)
 k - a wand of mindburst (14)
Scrolls
 d - a scroll of enchant weapon {unknown}
 e - 2 scrolls of teleportation {unknown}
 g - 4 scrolls of identify {unknown}
 m - a scroll of vulnerability {unknown}
 o - a scroll of enchant armour {unknown}
 q - a scroll of blinking {unknown}
Potions
 b - a potion of cancellation {unknown}
 f - 3 potions of mutation {unknown}
 i - a potion of attraction {unknown}
 j - a potion of invisibility {unknown}
 n - 2 potions of lignification {unknown}


   Skills:
 + Level 2.6 Dodging
 + Level 3.5 Stealth
 + Level 6.0 Spellcasting
 + Level 6.9 Conjurations
 + Level 2.0 Hexes


You had 7 spell levels left.
You knew the following spells:

 Your Spells              Type           Power      Damage    Failure   Level
a - Magic Dart            Conj           100%       1d8       1%          1
b - Searing Ray           Conj           84%        3d6       1%          2
c - Fulminant Prism       Conj/Hex       15%        3d11      12%         4
d - Dazzling Flash        Conj/Hex       60%        N/A       3%          3

Your spell library contained the following spells:

 Spells                   Type           Power      Damage    Failure   Level
 Animate Skeleton         Necr           14%        N/A       8%          1
 Pain                     Necr           28%        1d5       8%          1
 Iskenderun's Mystic Bla  Conj/Tloc      24%        2d7       19%         4
 Vampiric Draining        Necr           3%         2d6       22%         3


Dungeon Overview and Level Annotations

Branches:
Dungeon (4/15)             Temple (0/1) D:4

Altars:
Hepliaklqana
Nemelex Xobeh
Uskayaw
Yredelemnul

Annotations:
D:4 Crazy Yiuf


Message History

Aiming: Fulminant Prism (quite dangerous; 12% risk of failure)
Press: ? - help, Dir - move target You conjure a prism of explosive energy!
A fulminant prism comes into view.
Crazy Yiuf hits your fulminant prism with a +3 quarterstaff of chaos!
Your fulminant prism detonates feebly.
You hit the fungus but do no damage.
Crazy Yiuf grits, "Mugger koolooloo return to song!"
Crazy Yiuf says, "Paint!"
Crazy Yiuf closely misses you.
Crazy Yiuf grits, "Adder!
Castle ladder alas."
Crazy Yiuf yells, "Prologue tea song!"
Crazy Yiuf hits you with a +3 quarterstaff of chaos.
Crazy Yiuf burns you.
Casting: Fulminant Prism (quite dangerous; 12% risk of failure)
Confirm with . or Enter, or press ? or * to list all spells.
Crazy Yiuf is dazzled.
Crazy Yiuf closely misses you. Crazy Yiuf barely misses you.
Crazy Yiuf is no longer blind.
Crazy Yiuf cries, "You leg down broken song, no?"
Crazy Yiuf twirls on the spot.
Crazy Yiuf cries, "Fluff action fast!"
Crazy Yiuf hits you with a +3 quarterstaff of chaos!
Crazy Yiuf says, "Hah horse foot!"
Crazy Yiuf yells, "You!"
Crazy Yiuf says, "Ten!"
Casting: Dazzling Flash (dangerous; 3% risk of failure)
Confirm with . or Enter, or press ? or * to list all spells.
Crazy Yiuf is dazzled.
Crazy Yiuf screams, "Ice sing agre!"
Crazy Yiuf cries, "Mountain!"
Crazy Yiuf is no longer blind.
Crazy Yiuf whimpers, "Line shoe light!"
Crazy Yiuf whimpers, "Buddy!
Buddy ragdoll koolooloo."
Crazy Yiuf hits you with a +3 quarterstaff of chaos!
* * * LOW HITPOINT WARNING * * *
Crazy Yiuf freezes you.
* * * LOW HITPOINT WARNING * * *
Crazy Yiuf hits you with a +3 quarterstaff of chaos!
You die...

#..........##.....#####..#
#..........#.)...........########
#......................#.#.......
########...#...........#...######
#...#...........##..# #. #####
#...#...........##..# #. #)..#
#...#...........##.># #. #...#
#...#####.########### #. ...
#########@# ######. #'#
#.......g.# #...... #g##
#.################ #.##### ##.#
#.# #...........# #.# #.##
#.####.#########.# #.# ##.#
#......# #.# #.# ##.## #####..#
#.# #.# ##PP.# #..#########.###.#
#..P.# #..........#.....#


You could see Crazy Yiuf.

Vanquished Creatures
  A phantom (D:4)
  A water moccasin skeleton (D:4)
  2 jellies (D:4)
  A hound (D:4)
  7 gnolls
  5 adders
  An ufetubus (D:3)
  An adder skeleton (D:4)
  A worm (D:3)
  3 dart slugs (D:1)
  An orc (D:3)
  5 bats
  8 endoplasms
  6 giant cockroaches
  9 hobgoblins
  A quokka (D:1)
  6 ball pythons
  7 frilled lizards
  11 goblins
  5 kobolds
  10 rats
92 creatures vanquished.

Vanquished Creatures (others)
  10 fulminant prisms (D:4)
10 creatures vanquished.

Grand Total: 102 creatures vanquished

Notes
Turn   | Place    | Note
-------+----------+-------------------------------------------
     0 | D:1      | r3algoood the Deep Elf Conjurer began the quest for the
                  | Orb.
     0 | D:1      | Reached XP level 1. HP: 10/10 MP: 6/6
   386 | D:1      | Reached XP level 2. HP: 15/15 MP: 5/8
   696 | D:1      | Reached skill level 5 in Conjurations
   979 | D:1      | Reached XP level 3. HP: 19/19 MP: 5/9
  1148 | D:1      | You fall into a shaft and drop 1 floor!
  2333 | D:3      | Found a basalt altar of Yredelemnul.
  2813 | D:3      | Learned a level 2 spell: Searing Ray
  2817 | D:3      | Reached XP level 4. HP: 13/24 MP: 8/12
  3635 | D:4      | Reached XP level 5. HP: 28/28 MP: 10/13
  3899 | D:4      | Learned a level 4 spell: Fulminant Prism
  3938 | D:4      | Noticed a phantom
  3960 | D:4      | Killed a phantom
  3961 | D:4      | Reached skill level 5 in Spellcasting
  4167 | D:4      | Reached XP level 6. HP: 27/32 MP: 12/16
  4503 | D:4      | Reached skill level 1 in Hexes
  4524 | D:4      | Learned a level 3 spell: Dazzling Flash
  4939 | D:4      | Found a staircase to the Ecumenical Temple.
  4991 | D:4      | Found a sparkling altar of Nemelex Xobeh.
  5208 | D:4      | Found a runed translucent door.
  5209 | D:4      | Noticed Crazy Yiuf
  5293 | D:4      | Found a hazy altar of Hepliaklqana.
  5294 | D:4      | Found a hide-covered altar of Uskayaw.
  5457 | D:4      | Mangled by Crazy Yiuf

Illustrated notes

Levels and vault maps discovered:
D:1:      amcnicky_arrival_single_pillar, layout_basic
D:2:      layout_basic, shapermc_ecumenical_altar_petra, kennysheep_donut
D:3:      layout_loops_ring, lemuel_doored_altar
D:4:      layout_basic, nemelex_diamond_rough_becter,
          gammafunk_temple_overflow_pools, minmay_temple_entry_butterflies,
          glass_columns_b, uniq_crazy_yiuf_cottage

Skill      XL: |  1  2  3  4  5  6 |
---------------+-------------------+-----
Conjurations   | 5 6 |  6.9
Spellcasting   | 4 5 6 |  6.0
Stealth        | 3 |  3.5
Hexes          | 2 |  2.0
Dodging        | |  2.6

Action                   |  1- 3 |  4- 6 || total
-------------------------+-------+-------++-------
Melee: Dagger            |     1 |     1 ||     2
 Cast: Magic Dart        |    93 |    80 ||   173
       Searing Ray       |     1 |     5 ||     6
       Fulminant Prism   |       |    10 ||    10
       Dazzling Flash    |       |     3 ||     3
Armor: Robe              |     1 |     6 ||     7
Dodge: Dodged            |     4 |    15 ||    19
